| TOP OF THE 1ST |
|
Nashville Sounds batting - Pitching for Charlotte Knights : RHP David Avelar
|
|
Pitching: RHP David Avelar
|
|
|
Batting: LHB Zachary DeLuca
|
0-0: Ball 1-0: Swinging Strike 1-1: Ball 2-1: Ground out 6-3 (Groundball, 6, EV 103.1 MPH)
|
|
Batting: RHB Robby Godwin
|
0-0: Ball 1-0: Ball 2-0: SINGLE (Groundball, 56, EV 104.4 MPH) (infield hit)
|
|
Batting: RHB Dusty Thompson
|
0-0: Called Strike Robby Godwin steals 2nd base 0-1: Fly out, F3 (Popup, 3S, EV 85.6 MPH)
|
|
Batting: SHB Rich Muniz
|
0-0: Called Strike 0-1: Ground out 4-3 (Groundball, 4, EV 90.0 MPH)
|
| Top of the 1st over - 0 runs, 1 hit, 0 errors, 1 left on base; Nashville 0 - Charlotte 0 |
| BOTTOM OF THE 1ST |
|
Charlotte Knights batting - Pitching for Nashville Sounds : RHP Reynaldo Edwards
|
|
Pitching: RHP Reynaldo Edwards
|
|
|
Batting: LHB Hirakito Herring
|
0-0: Foul Ball, location: 2F 0-1: Ball 1-1: Swinging Strike 1-2: Foul Ball, location: 2F 1-2: Fly out, F4 (Popup, 4M, EV 71.2 MPH)
|
|
Batting: RHB Jeff Brower
|
0-0: Ball 1-0: DOUBLE (Line Drive, 9LM, EV 108.1 MPH)
|
|
Batting: LHB Sonny Flood
|
0-0: Ground out 4-3 (Groundball, 4, EV 83.1 MPH) Jeff Brower to third
|
|
Batting: LHB Jorge Rosales
|
0-0: Ball 1-0: Ball 2-0: SINGLE (Groundball, 34D, EV 95.6 MPH) Jeff Brower scores
|
|
Batting: RHB Will Washburn
|
0-0: Ball 1-0: Ball 2-0: Called Strike 2-1: Called Strike 2-2: Ball 3-2: Reached on error, E5 (Groundball, 56S, EV 70.0 MPH) Jorge Rosales to second
|
|
Batting: LHB Brian Dickeson
|
0-0: Ball 1-0: Called Strike 1-1: Ground out 3-1 (Groundball, 34S, EV 75.6 MPH)
|
| Bottom of the 1st over - 1 run, 2 hits, 1 error, 2 left on base; Nashville 0 - Charlotte 1 |
| TOP OF THE 2ND |
|
Nashville Sounds batting - Pitching for Charlotte Knights : RHP David Avelar
|
|
Batting: RHB Javier Garcia
|
0-0: Called Strike 0-1: Called Strike 0-2: Foul Ball, location: 2F 0-2: Ground out 6-3 (Groundball, 6, EV 101.9 MPH)
|
|
Batting: RHB Eduardo Chavez
|
0-0: Foul Ball, location: 2F 0-1: Swinging Strike 0-2: Ground out U3 (Groundball, 13, EV 91.2 MPH)
|
|
Batting: SHB Josh Thorpe
|
0-0: Ball 1-0: Called Strike 1-1: Ball 2-1: Ball 3-1: Foul Ball, location: 2F 3-2: Ground out 1-3 (Groundball, 13S, EV 71.9 MPH)
|
| Top of the 2nd over - 0 runs, 0 hits, 0 errors, 0 left on base; Nashville 0 - Charlotte 1 |
| BOTTOM OF THE 2ND |
|
Charlotte Knights batting - Pitching for Nashville Sounds : RHP Reynaldo Edwards
|
|
Batting: RHB Erik Christensen
|
0-0: Foul Ball, location: 2F 0-1: Fly out, F8 (Flyball, 78M, EV 95.6 MPH)
|
|
Batting: RHB Harvey Harvey
|
0-0: Foul Ball, location: 2F 0-1: Ground out 4-3 (Groundball, 4, EV 89.4 MPH)
|
|
Batting: RHB Darwin Mills
|
0-0: Ball 1-0: Foul Ball, location: 2F 1-1: Ball 2-1: Called Strike 2-2: Ball 3-2: Foul Ball, location: 2F 3-2: Fly out, F8 (Flyball, 8RM, EV 85.6 MPH)
|
| Bottom of the 2nd over - 0 runs, 0 hits, 0 errors, 0 left on base; Nashville 0 - Charlotte 1 |
| TOP OF THE 3RD |
|
Nashville Sounds batting - Pitching for Charlotte Knights : RHP David Avelar
|
|
Batting: RHB Hyeong-uk Lyang
|
0-0: Called Strike 0-1: Foul Ball, location: 2F 0-2: Strikes out swinging
|
|
Batting: RHB D.J. Torres
|
0-0: Ball 1-0: Ground out 4-3 (Groundball, 4D, EV 86.9 MPH)
|
|
Batting: LHB Zachary DeLuca
|
0-0: SINGLE (Line Drive, 4D, EV 99.4 MPH)
|
|
Batting: RHB Robby Godwin
|
0-0: Called Strike 0-1: Ball 1-1: Called Strike 1-2: Fly out, F6 (Line Drive, 6, EV 70.6 MPH)
|
| Top of the 3rd over - 0 runs, 1 hit, 0 errors, 1 left on base; Nashville 0 - Charlotte 1 |
| BOTTOM OF THE 3RD |
|
Charlotte Knights batting - Pitching for Nashville Sounds : RHP Reynaldo Edwards
|
|
Batting: LHB Hirakito Herring
|
0-0: Called Strike 0-1: Ball 1-1: Ball 2-1: Ball 3-1: Base on Balls
|
|
Batting: RHB Jeff Brower
|
0-0: Foul Ball, location: 2F 0-1: Ball 1-1: Ball 2-1: Foul Ball, location: 2F 2-2: Grounds into double play, 5-4-3 (Groundball, 5, EV 98.1 MPH)
|
|
Batting: LHB Sonny Flood
|
0-0: Called Strike 0-1: Swinging Strike 0-2: Ball 1-2: Ball 2-2: Strikes out swinging
|
| Bottom of the 3rd over - 0 runs, 0 hits, 0 errors, 0 left on base; Nashville 0 - Charlotte 1 |
| TOP OF THE 4TH |
|
Nashville Sounds batting - Pitching for Charlotte Knights : RHP David Avelar
|
|
Batting: RHB Dusty Thompson
|
0-0: Ball 1-0: Ball 2-0: Ball 3-0: Base on Balls
|
|
Batting: SHB Rich Muniz
|
0-0: 2-RUN HOME RUN (Flyball, 9D, EV 94.4 MPH), Distance : 360 ft
|
|
Batting: RHB Javier Garcia
|
0-0: Ground out U3 (Groundball, 34S, EV 85.0 MPH)
|
|
Batting: RHB Eduardo Chavez
|
0-0: Called Strike 0-1: Foul Ball, location: 2F 0-2: Ball 1-2: Strikes out swinging
|
|
Batting: SHB Josh Thorpe
|
0-0: Called Strike 0-1: Ball 1-1: SINGLE (Groundball, 4MD, EV 106.9 MPH)
|
|
Batting: RHB Hyeong-uk Lyang
|
0-0: Ball 1-0: Called Strike Josh Thorpe steals 2nd base 1-1: Fly out, F7 (Flyball, 78S, EV 85.6 MPH)
|
| Top of the 4th over - 2 runs, 2 hits, 0 errors, 1 left on base; Nashville 2 - Charlotte 1 |
| BOTTOM OF THE 4TH |
|
Charlotte Knights batting - Pitching for Nashville Sounds : RHP Reynaldo Edwards
|
|
Pitching: RHP Dunlang Clark
|
|
|
Batting: LHB Jorge Rosales
|
0-0: Fly out, F3 (Popup, 23F, EV 79.4 MPH)
|
|
Batting: RHB Will Washburn
|
0-0: Foul Ball, location: 2F 0-1: SINGLE (Line Drive, 8RM, EV 91.2 MPH)
|
|
Batting: LHB Brian Dickeson
|
0-0: Called Strike 0-1: Ball 1-1: Ball 2-1: Foul Ball, location: 2F 2-2: Strikes out swinging
|
|
Batting: RHB Erik Christensen
|
0-0: Foul Ball, location: 2F 0-1: Fielders Choice at 2nd, 5-4 (Groundball, 56, EV 83.1 MPH)
|
| Bottom of the 4th over - 0 runs, 1 hit, 0 errors, 1 left on base; Nashville 2 - Charlotte 1 |
| TOP OF THE 5TH |
|
Nashville Sounds batting - Pitching for Charlotte Knights : RHP David Avelar
|
|
Batting: RHB D.J. Torres
|
0-0: Ball 1-0: Ball 2-0: Called Strike 2-1: Fly out, F8 (Flyball, 8RM, EV 90.6 MPH)
|
|
Batting: LHB Zachary DeLuca
|
0-0: Ball 1-0: Fly out, F2 (Popup, 13S, EV 89.4 MPH)
|
|
Batting: RHB Robby Godwin
|
0-0: Called Strike 0-1: Foul Ball, location: 2F 0-2: Strikes out swinging
|
| Top of the 5th over - 0 runs, 0 hits, 0 errors, 0 left on base; Nashville 2 - Charlotte 1 |
| BOTTOM OF THE 5TH |
|
Charlotte Knights batting - Pitching for Nashville Sounds : RHP Dunlang Clark
|
|
Batting: RHB Harvey Harvey
|
0-0: Ball 1-0: Called Strike 1-1: Ball 2-1: Ball 3-1: Foul Ball, location: 2F 3-2: Fly out, F7 (Flyball, 7S, EV 92.5 MPH)
|
|
Batting: RHB Darwin Mills
|
0-0: Ground out 5-3 (Groundball, 56S, EV 66.9 MPH)
|
|
Batting: LHB Hirakito Herring
|
0-0: Foul Ball, location: 2F 0-1: Ball 1-1: Ball 2-1: Fly out, F9 (Flyball, 9S, EV 88.1 MPH)
|
| Bottom of the 5th over - 0 runs, 0 hits, 0 errors, 0 left on base; Nashville 2 - Charlotte 1 |
| TOP OF THE 6TH |
|
Nashville Sounds batting - Pitching for Charlotte Knights : RHP David Avelar
|
|
Batting: RHB Dusty Thompson
|
0-0: Ball 1-0: SINGLE (Groundball, 56S, EV 99.4 MPH)
|
|
Batting: SHB Rich Muniz
|
0-0: Ball 1-0: Ball 2-0: Ball 3-0: Called Strike 3-1: Foul Ball, location: 2F 3-2: Base on Balls Dusty Thompson to second
|
|
Batting: RHB Javier Garcia
|
0-0: Called Strike 0-1: 3-RUN HOME RUN (Flyball, 78XD, EV 102.5 MPH), Distance : 408 ft
|
|
Pitching: RHP Chris Rodgers
|
|
|
Batting: RHB Eduardo Chavez
|
0-0: Called Strike 0-1: Foul Ball, location: 2F 0-2: Ball 1-2: Strikes out swinging
|
|
Batting: SHB Josh Thorpe
|
0-0: Ball 1-0: Called Strike 1-1: Ground out 6-3 (Groundball, 4MD, EV 105.0 MPH)
|
|
Batting: RHB Hyeong-uk Lyang
|
0-0: Called Strike 0-1: Ball 1-1: Fly out, F7 (Flyball, 7, EV 89.4 MPH)
|
| Top of the 6th over - 3 runs, 2 hits, 0 errors, 0 left on base; Nashville 5 - Charlotte 1 |
| BOTTOM OF THE 6TH |
|
Charlotte Knights batting - Pitching for Nashville Sounds : RHP Dunlang Clark
|
|
Batting: RHB Jeff Brower
|
0-0: Ball 1-0: Foul Ball, location: 2F 1-1: Foul Ball, location: 2F 1-2: Ball 2-2: Foul Ball, location: 2F 2-2: SINGLE (Line Drive, 89S, EV 106.2 MPH)
|
|
Batting: LHB Sonny Flood
|
0-0: Ball 1-0: Ball 2-0: Ball 3-0: Called Strike 3-1: Base on Balls Jeff Brower to second
|
|
Batting: LHB Jorge Rosales
|
0-0: Ball 1-0: Fielders Choice at 2nd, 3-6 (Groundball, 3, EV 80.0 MPH) Jeff Brower to third
|
|
Batting: RHB Will Washburn
|
0-0: Grounds into double play, 6-4-3 (Groundball, 6, EV 98.8 MPH)
|
| Bottom of the 6th over - 0 runs, 1 hit, 0 errors, 1 left on base; Nashville 5 - Charlotte 1 |
| TOP OF THE 7TH |
|
Nashville Sounds batting - Pitching for Charlotte Knights : RHP Chris Rodgers
|
|
Batting: RHB D.J. Torres
|
0-0: Foul Ball, location: 2F 0-1: Ball 1-1: Foul Ball, location: 2F 1-2: Strikes out swinging
|
|
Batting: LHB Zachary DeLuca
|
0-0: Foul Ball, location: 2F 0-1: Foul Ball, location: 2F 0-2: Foul Ball, location: 2F 0-2: Fly out, F7 (Flyball, 7S, EV 93.1 MPH)
|
|
Batting: RHB Robby Godwin
|
0-0: Ground out U3 (Groundball, 34, EV 83.1 MPH)
|
| Top of the 7th over - 0 runs, 0 hits, 0 errors, 0 left on base; Nashville 5 - Charlotte 1 |
| BOTTOM OF THE 7TH |
|
Charlotte Knights batting - Pitching for Nashville Sounds : RHP Dunlang Clark
|
|
Pitching: RHP Tony Botello
|
|
|
Batting: LHB Brian Dickeson
|
0-0: Called Strike 0-1: Ball 1-1: Ball 2-1: Fly out, F8 (Flyball, 8LXD, EV 105.0 MPH)
|
|
Batting: RHB Erik Christensen
|
0-0: Foul Ball, location: 2F 0-1: SINGLE (Flyball, 6MD, EV 85.6 MPH)
|
|
Batting: RHB Harvey Harvey
|
0-0: Ball 1-0: Ball 2-0: Foul Ball, location: 2F 2-1: Ball 3-1: Called Strike 3-2: SINGLE (Groundball, 56S, EV 70.0 MPH) (infield hit) Erik Christensen to second
|
|
Batting: RHB Darwin Mills
|
0-0: Ball 1-0: Called Strike Erik Christensen steals 3rd base Harvey Harvey to second 1-1: Called Strike 1-2: Ball 2-2: Ball 3-2: Strikes out looking
|
|
Batting: LHB Hirakito Herring
|
0-0: Called Strike 0-1: Called Strike 0-2: Ball 1-2: Fly out, F7 (Flyball, 7S, EV 87.5 MPH)
|
| Bottom of the 7th over - 0 runs, 2 hits, 0 errors, 2 left on base; Nashville 5 - Charlotte 1 |
| TOP OF THE 8TH |
|
Nashville Sounds batting - Pitching for Charlotte Knights : RHP Chris Rodgers
|
|
Pitching: RHP Jimmy Seager
|
|
|
Batting: RHB Dusty Thompson
|
0-0: Ball 1-0: Ball 2-0: Called Strike 2-1: Foul Ball, location: 2F 2-2: Ball 3-2: Fly out, F7 (Flyball, 78S, EV 97.5 MPH)
|
|
Batting: SHB Rich Muniz
|
0-0: Called Strike 0-1: Ball 1-1: Fly out, F9 (Flyball, 9S, EV 93.1 MPH)
|
|
Batting: RHB Javier Garcia
|
0-0: Ball 1-0: Ground out U3 (Groundball, 3, EV 88.8 MPH)
|
| Top of the 8th over - 0 runs, 0 hits, 0 errors, 0 left on base; Nashville 5 - Charlotte 1 |
| BOTTOM OF THE 8TH |
|
Charlotte Knights batting - Pitching for Nashville Sounds : RHP Tony Botello
|
|
Batting: RHB Jeff Brower
|
0-0: Ball 1-0: Called Strike 1-1: Called Strike 1-2: Strikes out swinging
|
|
Batting: LHB Sonny Flood
|
0-0: Ball 1-0: SOLO HOME RUN (Flyball, 9LD, EV 90.6 MPH), Distance : 333 ft
|
|
Batting: LHB Jorge Rosales
|
0-0: Called Strike 0-1: Ball 1-1: Swinging Strike 1-2: Ball 2-2: Strikes out swinging
|
|
Batting: RHB Will Washburn
|
0-0: Swinging Strike 0-1: Ball 1-1: Fly out, F7 (Flyball, 78S, EV 90.6 MPH)
|
| Bottom of the 8th over - 1 run, 1 hit, 0 errors, 0 left on base; Nashville 5 - Charlotte 2 |
| TOP OF THE 9TH |
|
Nashville Sounds batting - Pitching for Charlotte Knights : RHP Jimmy Seager
|
|
Pitching: LHP Joel Campbell
|
|
|
Batting: RHB Eduardo Chavez
|
0-0: Ball 1-0: Ball 2-0: Ball 3-0: Called Strike 3-1: Swinging Strike 3-2: Base on Balls
|
|
Batting: SHB Josh Thorpe
|
0-0: Bunt missed! 0-1: Bunted foul 0-2: Ball 1-2: Strikes out swinging
|
|
Batting: RHB Hyeong-uk Lyang
|
0-0: Ball 1-0: Called Strike 1-1: Called Strike 1-2: Grounds into double play, 6-4-3 (Groundball, 6, EV 103.1 MPH)
|
| Top of the 9th over - 0 runs, 0 hits, 0 errors, 0 left on base; Nashville 5 - Charlotte 2 |
| BOTTOM OF THE 9TH |
|
Charlotte Knights batting - Pitching for Nashville Sounds : RHP Tony Botello
|
|
Pitching: RHP Jake Gregor
|
|
|
Now at 1B: Zachary DeLuca
|
|
|
Now at SS: Carlos Lopez
|
|
|
Batting: LHB Brian Dickeson
|
0-0: Ball 1-0: Ball 2-0: Called Strike 2-1: Called Strike 2-2: Strikes out swinging
|
|
Batting: RHB Erik Christensen
|
0-0: Fly out, F8 (Flyball, 8RS, EV 79.4 MPH)
|
|
Pinch Hitting: LHB Jake Goddard
|
0-0: Swinging Strike 0-1: Ground out U3 (Groundball, 3L, EV 85.0 MPH)
|
| Bottom of the 9th over - 0 runs, 0 hits, 0 errors, 0 left on base; Nashville 5 - Charlotte 2 |
|